 Dungeon Crawl Stone Soup version 0.30-a0-219-gf2db51d15e (webtiles) character file.

Game seed: 14027010451727182146

38 bmpenner the Slasher (level 3, -7/29 HPs)
             Began as a Barachi Fighter on Oct 7, 2022.
             Killed by divine providence
             ... invoked by an orc priest
              (11 damage)
             ... on level 3 of the Dungeon.
             The game lasted 00:02:45 (1179 turns).

bmpenner the Slasher (Barachi Fighter)              Turns: 1179, Time: 00:02:45

Health: -7/29      AC: 12    Str: 17    XL:     3   Next: 43%
Magic:  3/3        EV:  9    Int:  8    God:
Gold:   71         SH:  4    Dex: 13    Spells: 2/2 levels left

rFire   + . .      SeeInvis .    a - +0 long sword
rCold   + . .      Faith    .    c - +0 buckler
rNeg    . . .      Spirit   .    b - +0 scale mail
rPois   +          Reflect  .    g - +0 helmet
rElec   +          Harm     .    (no cloak)
rCorr   +          Rampage  .    (no gloves)
Will    .....                    (no boots)
Stlth   ..........               (no amulet)
HPRegen 0.24/turn                i - +4 ring of protection
MPRegen 0.08/turn                (no ring)

@: resistant, unable to hop, slow
A: amphibious, slowness 1, strong legs 1, +LOS
a: Hop


You were on level 3 of the Dungeon.
You visited 1 branch of the dungeon, and saw 3 of its levels.

You collected 71 gold pieces.

Inventory:

Hand Weapons
 a - a +0 long sword (weapon)
Armour
 b - a +0 scale mail (worn)
 c - a +0 buckler (worn)
 g - a +0 helmet (worn)
Jewellery
 i - a +4 ring of protection (left hand)
Wands
 o - a wand of acid (8)
Scrolls
 e - a scroll of enchant armour {unknown}
 f - 2 scrolls of identify
 m - a scroll of butterflies {unknown}
 p - a scroll of fear {unknown}
Potions
 d - a potion of might
 j - a potion of berserk rage {unknown}
 k - a potion of degeneration {unknown}
 l - a potion of haste {unknown}
 n - a potion of curing {unknown}


   Skills:
 - Level 3.6 Fighting
 + Level 4.5 Long Blades
 - Level 3.6 Armour
 - Level 3.2 Shields


You had 2 spell levels left.
You didn't know any spells.
Your spell library contained the following spells:

 Spells                   Type           Power      Damage    Failure   Level
 Foxfire                  Conj/Fire      0%         2x1d4     88%         1


Dungeon Overview and Level Annotations

Branches:
Dungeon (3/15)

Altars:

Annotations:
D:2 Sigmund


Innate Abilities, Weirdness & Mutations

You are amphibious.
You cover ground slowly.
You can hop short distances.
You have an extended range of vision and can be seen from far away.


Message History

You kill the bat!
No target in view!
No target in view!
An orc comes into view. It is wielding a +0 hand axe.
An orc is nearby!
An orc is nearby!
An orc is nearby!
An orc priest, an orc wizard and an orc come into view.
The orc wizard shouts!
The orc shouts!
The orc wizard casts a spell at you. The puff of flame hits you.
The orc wizard casts a spell at you.
You are confused.
There is an open door here.
You bump into the rock wall.
You bump into the rock wall.
The orc priest calls down the wrath of Beogh upon you.
Beogh smites you!
Unknown command.
You're too confused to move!
It was a potion of resistance.
You feel protected.
You feel less confused.
The orc wizard mumbles some strange words.
The orc wizard flickers and vanishes!
Deactivating autopickup; reactivate with Ctrl-A.
The orc hits you but does no damage.
The orc priest invokes the aid of Beogh against you.
Beogh smites you!
* * * LOW HITPOINT WARNING * * *
The orc hits you but does no damage.
Okay, then.
Hop to where?
Press: ? - help, Dir - move target Boing!
The orc attacks as you move away! The orc hits you with a +0 hand axe.
* * * LOW HITPOINT WARNING * * *
The orc attacks as you move away! The orc hits you but does no damage. x2
The orc priest calls down the wrath of Beogh upon you.
Beogh smites you!
You die...

#...# +.......# #...#
#...>...# #...#
#.......#### #...#
#..........# ##...###
#..........###
#......#######.......##...#
#......##............##....
#......##........o...##.###
#......''†@.o.....o..##.###
#......##.......####.......
#......####+#...# #######.
#....<.# #...# #. #...####
#...# #o #.##### ##### ##
#....<# #.##### #.#


You could see an orc priest and 2 orcs.

Vanquished Creatures
  An adder (D:2)
  4 ball pythons (D:1)
  2 endoplasms (D:1)
  6 hobgoblins
  A jackal (D:1)
  6 bats
  4 frilled lizards
  2 goblins (D:1)
  3 kobolds
  A rat (D:1)
30 creatures vanquished.

Notes
Turn   | Place    | Note
-------+----------+-------------------------------------------
     0 | D:1      | bmpenner the Barachi Fighter began the quest for the Orb.
     0 | D:1      | Reached XP level 1. HP: 18/18 MP: 1/1
    76 | D:1      | Reached skill level 3 in Long Blades
    83 | D:1      | Reached XP level 2. HP: 24/24 MP: 2/2
   280 | D:1      | Found a faded altar of an unknown god.
   291 | D:1      | Got Plato's Teachings on Conjuration
   942 | D:2      | Reached skill level 4 in Long Blades
   958 | D:2      | Noticed Sigmund
   997 | D:2      | Reached XP level 3. HP: 29/29 MP: 3/3
  1179 | D:3      | Killed from afar by an orc priest

Illustrated notes

Levels and vault maps discovered:
D:1:      dpeg_arrival_round_c, layout_basic,
          shapermc_ecumenical_altar_rom_forum, roderic_lattice_a, minmay_cupped
D:2:      layout_loops_ring, uniq_sigmund, uniq_terence
D:3:      layout_basic, dreamdust_princess_corridor

Skill      XL: |  1  2 |
---------------+-------+-----
Long Blades    | 3 4 |  4.5
Fighting       | |  3.6
Armour         | |  3.6
Shields        | |  3.2

Action                   || total
-------------------------++-------
Melee: Long sword        ||    88
 Abil: Hop               ||     1
  Use: Scroll            ||     2
       Potion            ||     1
Armor: Scale mail        ||    59
Dodge: Dodged            ||    44
Block: Buckler           ||    15

Table legend: (Time is in decaauts)
 A = Elapsed time spent in this place.
 B = Non-inter-level travel time spent in this place.
 C = Inter-level travel time spent in this place.
 D = Time resting spent in this place.
 E = Time spent auto-exploring this place.
 F = Levels seen in this place.
 G = Mean time per level.
                   A        B        C        D        E       F      G
               +--------+--------+--------+--------+--------+-----+--------+
         Total |   1398 |   1313 |     85 |      0 |   1034 |   3 |  466.0 |
       Dungeon |   1398 |   1313 |     85 |      0 |   1034 |   3 |  466.0 |
               +--------+--------+--------+--------+--------+-----+--------+

Top non-repeatable levels by time:
     D:1: 1023 daAuts
     D:2: 264 daAuts
     D:3: 111 daAuts
